Little Stars vs Thunder (R1)

Created - 2 novembre 2012 at 20:16

Simulating a Pre-Season

Goals
1 2 3 T
Little Stars 3 1 3 7
Thunder 2 1 2 5
Shots
1 2 3 T
Little Stars 13 7 11 31
Thunder 16 11 12 39

1st period

1. Little Stars , Steve Regier 5 (Tyler Eckford) at 4:15
2. Little Stars , Oskar Osala 1 (Matt Halischuk, Tyler Eckford) at 8:42
3. Thunder , Adam Hall 1 (Doug Janik) at 10:15 (PP)
4. Thunder , Clarke Wilm 2 (Adam Hall, Alexei Semenov) at 12:12
5. Little Stars , Greg Stewart 2 (Jordan Bendfeld) at 19:38

Penalties :
Matt Pelech (Tex) for Delaying the game (Minor) at 6:29, Steve Regier (Tex) for Tripping (Minor) at 9:42, Clarke Wilm (TRO) for Interference (Minor) at 13:22, Oskar Osala (Tex) for Tripping (Minor) at 16:07, Travis Brigley (TRO) for Hooking (Minor) at 19:50

2nd period

6. Thunder , Clarke Wilm 3 (Adam Hall) at 5:57
7. Little Stars , Matt D'Agostini 2 (Jordan Hendry, Steve MacIntyre) at 13:56

Penalties :
Hugh Jessiman (Tex) for Holding (Minor) at 7:13

3rd period

8. Thunder , Ivan Novoseltsev 3 (Samuel Pahlsson) at 0:59
9. Little Stars , Clay Wilson 1 (Jordan Hendry, Philippe Sauvé) at 2:15
10. Thunder , Scott Parse 3 (Adam Hall, Pierre-Alexandre Parenteau) at 8:41
11. Little Stars , Troy Bodie 1 (Matt Halischuk, Jordan Hendry) at 14:28
12. Little Stars , Steve Regier 6 (Krys Kolanos, Hugh Jessiman) at 19:48 (Empty Net)

Penalties :
Derek Peltier (TRO) for Tripping (Minor) at 0:55, Matt Halischuk (Tex) for Cross-checking (Minor) at 0:55, Dany Roussin (TRO) for Tripping (Minor) at 4:41, Matt D'Agostini (Tex) for Holding (Minor) at 9:59, Krys Kolanos (Tex) for Diving (Minor) at 15:56

Goalie Stats

Philippe Sauvé (Tex), 34 saves from 39 shots - (0,872), W, 2-0-0, 60:00 minutes
Tomas Vokoun (TRO), 24 saves from 30 shots - (0,800), L, 2-1-0, 59:32 minutes

Players Stats for Little Stars

Player Name              G  A  P  +/- PIM S  H  SB GA TA FO     MP     PP MP  PK MP  
------------------------------------------------------------------------------------
Alexander Vasyunov       0  0  0   0  0   0  0  0  0  0  0/0     1:06   0:00   0:31 
Clay Wilson              1  0  1   0  0   1  1  3  0  1  0/0    27:58   3:19   6:40 
Cody Bass                0  0  0   0  0   0  0  0  0  0  0/0     1:51   0:00   0:27 
Colton Sceviour          0  0  0   0  0   0  0  0  0  0  0/0     0:00   0:00   0:00 
Greg Stewart             1  0  1   1  0   4  1  0  0  1  0/2    14:35   0:00   4:21 
Hugh Jessiman            0  1  1   1  2   0  1  0  2  1  0/2    17:47   3:09   0:00 
Jim O'Brien              0  0  0   0  0   0  0  0  0  0  0/0     0:00   0:00   0:00 
Jonathan Blum            0  0  0   1  0   0  0  2  0  3  0/0     9:11   0:00   0:00 
Jordan Bendfeld          0  1  1   1  0   0  0  0  0  0  0/0     9:49   0:00   0:38 
Jordan Hendry            0  3  3   2  0   1  1  2  1  1  0/0    31:01   3:19   6:40 
Kaspars Daugavins        0  0  0   0  0   0  0  0  0  0  0/0     0:00   0:00   0:00 
Krys Kolanos             0  1  1   1  2   1  1  0  2  0  17/31  21:41   3:09   2:29 
Matt D'Agostini          1  0  1  -1  2   1  2  2  0  0  0/0    13:24   2:48   0:00 
Matt Halischuk           0  2  2   2  2   2  0  2  0  0  2/2    12:19   0:00   2:22 
Matt Pelech              0  0  0   0  2   1  4  0  1  1  0/0    19:03   2:38   3:04 
Nathan Gerbe             0  0  0   2  0   5  1  0  0  1  4/8    10:11   0:00   0:00 
Oskar Osala              1  0  1   3  2   2  1  1  0  0  0/0     7:06   0:00   0:00 
Patrick O'Sullivan       0  0  0  -1  0   1  0  1  0  1  3/8    13:10   2:48   0:00 
Paul Postma              0  0  0   2  0   0  0  0  0  0  0/0     3:17   0:00   0:06 
Riley Nash               0  0  0   0  0   0  0  0  0  0  0/0     0:00   0:00   0:00 
Steve MacIntyre          0  1  1  -2  0   4  1  0  0  0  2/2    20:20   2:48   5:45 
Steve Regier             2  0  2   0  2   3  2  0  2  1  7/13   23:26   3:09   5:01 
Troy Bodie               1  0  1   2  0   1  0  0  0  0  0/0     7:01   0:00   0:00 
Tyler Eckford            0  2  2   0  0   2  0  0  0  0  0/0    19:48   2:38   3:48 
Yanick Lehoux            0  0  0   1  0   2  0  0  0  0  1/2     3:22   0:00   0:00 

Players Stats for Thunder

Player Name              G  A  P  +/- PIM S  H  SB GA TA FO     MP     PP MP  PK MP  
------------------------------------------------------------------------------------
Adam Hall                1  3  4   3  0   5  2  0  2  0  2/4    17:37   4:41   1:34 
Alexei Semenov           0  1  1  -1  0   2  2  2  2  0  0/0    30:38   6:18   3:42 
Andreas Engqvist         0  0  0   0  0   2  0  0  0  0  2/2     6:23   0:00   0:00 
Billy Sweat              0  0  0   0  0   0  0  0  0  0  0/0     0:00   0:00   0:00 
Brandon Mashinter        0  0  0   0  0   0  0  0  0  0  0/0     0:00   0:00   0:00 
Clarke Wilm              2  0  2   3  2   6  2  0  2  0  5/9    15:20   4:41   0:00 
Colton Gillies           0  0  0   0  0   0  0  0  0  0  0/0     0:00   0:00   0:00 
Daniel Winnik            0  0  0   0  0   0  2  0  1  1  0/0     7:25   0:00   1:02 
Dany Roussin             0  0  0  -3  2   1  0  0  0  0  0/1    10:56   0:03   0:32 
Derek Peltier            0  0  0   2  2   0  0  0  1  0  0/0    18:27   4:10   2:15 
Doug Janik               0  1  1  -1  0   0  1  4  0  2  0/0    28:30   6:18   3:42 
Ivan Novoseltsev         1  0  1  -3  0   7  2  1  1  1  0/1    24:40   5:44   3:21 
Joey Ryan                0  0  0  -3  0   0  0  1  0  2  0/0    10:18   0:00   0:00 
Kevin Montgomery         0  0  0   0  0   0  0  0  0  0  0/0     2:08   0:00   0:00 
Mike Weber               0  0  0   1  0   3  3  0  0  0  0/0    19:04   4:10   2:15 
Pat Dwyer                0  0  0   0  0   0  0  0  0  0  0/0     0:00   0:00   0:00 
Pierre-Alexandre Parente 0  1  1  -1  0   1  0  0  1  0  0/0     6:40   0:06   0:00 
Ray Macias               0  0  0  -4  0   0  0  0  0  0  0/0    11:00   0:00   0:00 
Ronald Petrovicky        0  0  0   0  0   0  0  0  0  0  0/0     0:00   0:00   0:00 
Samuel Pahlsson          0  1  1  -3  0   2  2  0  1  1  23/42  24:39   5:44   3:21 
Scott Parse              1  0  1   3  0   5  2  0  0  0  0/1    15:39   4:41   0:30 
T.J. Oshie               0  0  0  -2  0   3  2  2  0  0  1/1    12:35   0:00   1:34 
Tom Pyatt                0  0  0  -2  0   0  0  0  0  0  1/8    10:07   0:00   0:00 
Travis Brigley           0  0  0  -4  2   2  0  0  0  1  0/1    19:54   5:44   0:00 

3 Stars

1 - Adam Hall (TRO)
2 - Clarke Wilm (TRO)
3 - Jordan Hendry (Tex)

Power Play

Little Stars - 0 on 3 Attempt(s) - 0,00%
Thunder - 1 on 6 Attempt(s) - 16,67%

Penalty Kill

Little Stars - 5 on 6 Attempt(s) - 83,33% - Score 0 goal in Penalty Kill
Thunder - 3 on 3 Attempt(s) - 100,00% - Score 0 goal in Penalty Kill

Official

Referees : Hasenfratz Mike and Marouelli Dan
Linesman : Pierre Racicot and Michel Cormier

Game Notes

Yanick Lehoux is injured at 6:51 of 2nd period (Strained Right Elbow)
Steve Regier has scored in a empty net!

Little Stars

5 vs 5 Forward 
   Center                   Left Wing                Right Wing               Time % Phy DF OF 
 1 Krys Kolanos             Steve Regier             Hugh Jessiman            40     1   2  2  
 2 Patrick O'Sullivan       Steve MacIntyre          Matt D'Agostini          30     1   2  2  
 3 Nathan Gerbe             Greg Stewart             Matt Halischuk           20     1   2  2  
 4 Yanick Lehoux            Oskar Osala              Troy Bodie               10     1   2  2  

5 vs 5 Defense 
   Defense                  Defense                                           Time % Phy DF OF 
 1 Jordan Hendry            Clay Wilson                                       40     1   2  2  
 2 Tyler Eckford            Matt Pelech                                       30     1   2  2  
 3 Jonathan Blum            Jordan Bendfeld                                   20     1   2  2  
 4 Paul Postma              Jordan Hendry                                     10     1   2  2  

PowerPlay Forward 
   Center                   Left Wing                Right Wing               Time % Phy DF OF 
 1 Krys Kolanos             Steve Regier             Hugh Jessiman            60     1   2  2  
 2 Patrick O'Sullivan       Steve MacIntyre          Matt D'Agostini          40     1   2  2  

PowerPlay Defense
   Defense                  Defense                                           Time % Phy DF OF 
 1 Jordan Hendry            Clay Wilson                                       60     1   2  2  
 2 Tyler Eckford            Matt Pelech                                       40     1   2  2  

Penalty Kill 4 Players Forward 
   Center                   Wing                     Time % Phy DF OF 
 1 Steve Regier             Steve MacIntyre          60     1   2  2  
 2 Greg Stewart             Krys Kolanos             40     1   2  2  

Penalty Kill 4 Players Defense
   Defense                  Defense                  Time % Phy DF OF 
 1 Jordan Hendry            Clay Wilson              60     1   2  2  
 2 Tyler Eckford            Matt Pelech              40     1   2  2  

Penalty Kill - 3 Players Forward 
   Forward                                           Time % Phy DF OF 
 1 Steve Regier                                      60     1   2  2  
 2 Steve MacIntyre                                   40     1   2  2  

Penalty Kill - 3 Players Defense
   Defense                  Defense                  Time % Phy DF OF 
 1 Jordan Hendry            Clay Wilson              60     1   2  2  
 2 Tyler Eckford            Matt Pelech              40     1   2  2  

4 vs 4 Forward 
   Center                   Wing                     Time % Phy DF OF 
 1 Steve Regier             Steve MacIntyre          60     1   2  2  
 2 Greg Stewart             Krys Kolanos             40     1   2  2  

4 vs 4 Defense
   Defense                  Defense                  Time % Phy DF OF 
 1 Jordan Hendry            Clay Wilson              60     1   2  2  
 2 Tyler Eckford            Matt Pelech              40     1   2  2  

Last Minutes Offensive
   Center                   Left Wing                Right Wing               Defense                  Defense                  
   Krys Kolanos             Steve Regier             Hugh Jessiman            Jordan Hendry            Clay Wilson              

Last Minutes Defensive
   Center                   Left Wing                Right Wing               Defense                  Defense                  
   Krys Kolanos             Steve Regier             Hugh Jessiman            Jordan Hendry            Clay Wilson              

Goaltenders
Starting : Philippe Sauvé           
Backup : Justin Pogge             

Extra Forwards
Normal : Nathan Gerbe, Oskar Osala, Matt Halischuk - PP : Nathan Gerbe, Oskar Osala - PK : Matt Halischuk
Extra Defensemen
Normal : Jonathan Blum, Jordan Bendfeld, Paul Postma - PP : Jonathan Blum - PK : Jordan Bendfeld, Paul Postma
Penalty Shots
Steve Regier, Steve MacIntyre, Greg Stewart, Krys Kolanos, Patrick O'Sullivan

Thunder

5 vs 5 Forward 
   Center                   Left Wing                Right Wing               Time % Phy DF OF 
 1 Samuel Pahlsson          Travis Brigley           Ivan Novoseltsev         40     1   2  2  
 2 Clarke Wilm              Scott Parse              Adam Hall                30     1   2  2  
 3 Tom Pyatt                Dany Roussin             T.J. Oshie               20     1   2  2  
 4 Andreas Engqvist         Daniel Winnik            Pierre-Alexandre Parentea10     1   2  2  

5 vs 5 Defense 
   Defense                  Defense                                           Time % Phy DF OF 
 1 Alexei Semenov           Doug Janik                                        40     1   2  2  
 2 Derek Peltier            Mike Weber                                        30     1   2  2  
 3 Ray Macias               Joey Ryan                                         20     1   2  2  
 4 Kevin Montgomery         Alexei Semenov                                    10     1   2  2  

PowerPlay Forward 
   Center                   Left Wing                Right Wing               Time % Phy DF OF 
 1 Samuel Pahlsson          Travis Brigley           Ivan Novoseltsev         60     1   2  2  
 2 Clarke Wilm              Scott Parse              Adam Hall                40     1   2  2  

PowerPlay Defense
   Defense                  Defense                                           Time % Phy DF OF 
 1 Alexei Semenov           Doug Janik                                        60     1   2  2  
 2 Derek Peltier            Mike Weber                                        40     1   2  2  

Penalty Kill 4 Players Forward 
   Center                   Wing                     Time % Phy DF OF 
 1 Samuel Pahlsson          Ivan Novoseltsev         60     1   2  2  
 2 Adam Hall                T.J. Oshie               40     1   2  2  

Penalty Kill 4 Players Defense
   Defense                  Defense                  Time % Phy DF OF 
 1 Alexei Semenov           Doug Janik               60     1   2  2  
 2 Derek Peltier            Mike Weber               40     1   2  2  

Penalty Kill - 3 Players Forward 
   Forward                                           Time % Phy DF OF 
 1 Samuel Pahlsson                                   60     1   2  2  
 2 Ivan Novoseltsev                                  40     1   2  2  

Penalty Kill - 3 Players Defense
   Defense                  Defense                  Time % Phy DF OF 
 1 Alexei Semenov           Doug Janik               60     1   2  2  
 2 Derek Peltier            Mike Weber               40     1   2  2  

4 vs 4 Forward 
   Center                   Wing                     Time % Phy DF OF 
 1 Samuel Pahlsson          Ivan Novoseltsev         60     1   2  2  
 2 Adam Hall                T.J. Oshie               40     1   2  2  

4 vs 4 Defense
   Defense                  Defense                  Time % Phy DF OF 
 1 Alexei Semenov           Doug Janik               60     1   2  2  
 2 Derek Peltier            Mike Weber               40     1   2  2  

Last Minutes Offensive
   Center                   Left Wing                Right Wing               Defense                  Defense                  
   Samuel Pahlsson          Travis Brigley           Ivan Novoseltsev         Alexei Semenov           Doug Janik               

Last Minutes Defensive
   Center                   Left Wing                Right Wing               Defense                  Defense                  
   Samuel Pahlsson          Travis Brigley           Ivan Novoseltsev         Alexei Semenov           Doug Janik               

Goaltenders
Starting : Tomas Vokoun             
Backup : Adam Munro               

Extra Forwards
Normal : Pierre-Alexandre Parenteau, Dany Roussin, Daniel Winnik - PP : Pierre-Alexandre Parenteau, Dany Roussin - PK : Daniel Winnik
Extra Defensemen
Normal : Ray Macias, Joey Ryan, Kevin Montgomery - PP : Ray Macias - PK : Joey Ryan, Kevin Montgomery
Penalty Shots
Samuel Pahlsson, Ivan Novoseltsev, Adam Hall, T.J. Oshie, Clarke Wilm

% Time on Ice - Little Stars

Lines # - Real PCT - Wanted PCT - Time Play
Normal Forward
1 - 34% - 40% - 13:50
2 - 29% - 30% - 11:39
3 - 20% - 20% - 8:14
4 - 17% - 10% - 7:01
Normal Defense
1 - 41% - 40% - 16:36
2 - 31% - 30% - 12:38
3 - 21% - 20% - 8:27
4 - 7% - 10% - 3:03
PP Forward
1 - 53% - 60% - 3:09
2 - 47% - 40% - 2:48
PP Defense
1 - 56% - 60% - 3:19
2 - 44% - 40% - 2:38
PK Forward
1 - 70% - 60% - 7:22
2 - 30% - 40% - 3:06
PK Defense
1 - 64% - 60% - 6:40
2 - 36% - 40% - 3:48
PK3 Forward
1 - 0% - 60%
2 - 0% - 40%
PK3 Defense
1 - 0% - 60%
2 - 0% - 40%
44 Forward
1 - 76% - 60% - 1:31
2 - 24% - 40% - 0:28
44 Defense
1 - 70% - 60% - 1:23
2 - 30% - 40% - 0:36
Last Minute Offensive  - 0:00
Last Minute Defensive  - 0:52
Total
Forward - 60:00
Defense - 60:00

% Time on Ice - Thunder

Lines # - Real PCT - Wanted PCT - Time Play
Normal Forward
1 - 32% - 40% - 13:09
2 - 27% - 30% - 10:55
3 - 25% - 20% - 10:07
4 - 16% - 10% - 6:23
Normal Defense
1 - 40% - 40% - 16:23
2 - 29% - 30% - 11:45
3 - 25% - 20% - 10:18
4 - 5% - 10% - 2:08
PP Forward
1 - 55% - 60% - 5:47
2 - 45% - 40% - 4:41
PP Defense
1 - 60% - 60% - 6:18
2 - 40% - 40% - 4:10
PK Forward
1 - 74% - 60% - 4:23
2 - 26% - 40% - 1:34
PK Defense
1 - 62% - 60% - 3:42
2 - 38% - 40% - 2:15
PK3 Forward
1 - 0% - 60%
2 - 0% - 40%
PK3 Defense
1 - 0% - 60%
2 - 0% - 40%
44 Forward
1 - 77% - 60% - 1:32
2 - 23% - 40% - 0:27
44 Defense
1 - 70% - 60% - 1:23
2 - 30% - 40% - 0:36
Last Minute Offensive  - 1:02
Last Minute Defensive  - 0:00
Total
Forward - 60:00
Defense - 60:00

Play by Play

1st period


0:01 of 1st period - Samuel Pahlsson wins face-off versus Krys Kolanos in neutral zone.
0:28 of 1st period - Scott Parse is hit by Jordan Hendry and loses puck.
2:32 of 1st period - Off-side.
2:33 of 1st period - Krys Kolanos wins face-off versus Tom Pyatt in neutral zone.
3:40 of 1st period - Greg Stewart is hit by Daniel Winnik and loses puck.
3:45 of 1st period - Snap shot by Daniel Winnik.
3:45 of 1st period - Shot Misses the Net.
4:03 of 1st period - Snap shot by Steve Regier.
4:03 of 1st period - Stopped by Tomas Vokoun without a rebound.
4:04 of 1st period - Krys Kolanos wins face-off versus Tom Pyatt in Thunder zone.
4:15 of 1st period - Snap shot by Steve Regier.
4:15 of 1st period - Goal by Steve Regier - Little Stars : 1 - Thunder : 0.
4:16 of 1st period - Samuel Pahlsson wins face-off versus Krys Kolanos in neutral zone.
4:46 of 1st period - Wrist shot by Adam Hall.
4:46 of 1st period - Deflect By Scott Parse.
4:46 of 1st period - Stopped by Philippe Sauvé with a rebound.
4:48 of 1st period - Slapshot by Scott Parse.
4:48 of 1st period - Stopped by Philippe Sauvé with a rebound.
4:50 of 1st period - Snap shot by Adam Hall.
4:50 of 1st period - Stopped by Philippe Sauvé with a rebound.
4:52 of 1st period - Slapshot by Adam Hall.
4:52 of 1st period - Shot Misses the Net.
4:54 of 1st period - Slapshot by Alexei Semenov.
4:54 of 1st period - Stopped by Philippe Sauvé without a rebound.
4:55 of 1st period - Samuel Pahlsson wins face-off versus Steve Regier in Little Stars zone.
6:29 of 1st period - Minor Penalty to Matt Pelech for Delaying the game.
6:30 of 1st period - Steve Regier wins face-off versus Samuel Pahlsson in Little Stars zone.
6:35 of 1st period - Slapshot by Steve MacIntyre.
6:35 of 1st period - Stopped by Tomas Vokoun without a rebound.
6:36 of 1st period - Samuel Pahlsson wins face-off versus Steve Regier in Thunder zone.
6:49 of 1st period - Wrist shot by Steve MacIntyre.
6:49 of 1st period - Stopped by Tomas Vokoun with a rebound.
8:29 of 1st period - Penalty to Matt Pelech is over, Matt Pelech is back on ice.
8:42 of 1st period - Wrist shot by Oskar Osala.
8:42 of 1st period - Goal by Oskar Osala - Little Stars : 2 - Thunder : 0.
8:43 of 1st period - Krys Kolanos wins face-off versus Clarke Wilm in neutral zone.
9:10 of 1st period - Jordan Hendry is hit by Samuel Pahlsson and loses puck.
9:27 of 1st period - Backhand shot by Nathan Gerbe.
9:27 of 1st period - Shot Blocked by Doug Janik.
9:29 of 1st period - Slapshot by Matt Halischuk.
9:29 of 1st period - Stopped by Tomas Vokoun with a rebound.
9:31 of 1st period - Snap shot by Nathan Gerbe.
9:31 of 1st period - Stopped by Tomas Vokoun without a rebound.
9:32 of 1st period - Krys Kolanos wins face-off versus Dany Roussin in Thunder zone.
9:41 of 1st period - Snap shot by Krys Kolanos.
9:41 of 1st period - Shot Misses the Net.
9:42 of 1st period - Minor Penalty to Steve Regier for Tripping.
9:43 of 1st period - Matt Halischuk wins face-off versus Samuel Pahlsson in Little Stars zone.
9:54 of 1st period - Snap shot by Travis Brigley.
9:54 of 1st period - Deflect By Ivan Novoseltsev.
9:54 of 1st period - Stopped by Philippe Sauvé with a rebound.
10:08 of 1st period - Jordan Hendry is hit by Adam Hall and loses puck.
10:15 of 1st period - Wrist shot by Adam Hall.
10:15 of 1st period - Goal by Adam Hall - Little Stars : 2 - Thunder : 1.
10:16 of 1st period - Samuel Pahlsson wins face-off versus Krys Kolanos in neutral zone.
10:52 of 1st period - Slapshot by Patrick O'Sullivan.
10:52 of 1st period - Shot Misses the Net.
11:28 of 1st period - Icing by Derek Peltier.
11:29 of 1st period - Tom Pyatt wins face-off versus Yanick Lehoux in Thunder zone.
11:29 of 1st period - Tom Pyatt is hit by Matt Pelech.
11:41 of 1st period - Snap shot by Oskar Osala.
11:41 of 1st period - Stopped by Tomas Vokoun without a rebound.
11:42 of 1st period - Samuel Pahlsson wins face-off versus Krys Kolanos in Thunder zone.
12:12 of 1st period - Snap shot by Clarke Wilm.
12:12 of 1st period - Goal by Clarke Wilm - Little Stars : 2 - Thunder : 2.
12:13 of 1st period - Krys Kolanos wins face-off versus Samuel Pahlsson in neutral zone.
12:16 of 1st period - Samuel Pahlsson is hit by Steve Regier and loses puck.
12:39 of 1st period - Krys Kolanos is hit by Alexei Semenov and loses puck.
12:44 of 1st period - Slapshot by T.J. Oshie.
12:44 of 1st period - Stopped by Philippe Sauvé with a rebound.
12:46 of 1st period - Snap shot by Tom Pyatt.
12:46 of 1st period - Deflect By T.J. Oshie.
12:46 of 1st period - Stopped by Philippe Sauvé without a rebound.
12:47 of 1st period - Patrick O'Sullivan wins face-off versus Clarke Wilm in Little Stars zone.
12:47 of 1st period - Patrick O'Sullivan is hit by Clarke Wilm.
12:57 of 1st period - Wrist shot by Adam Hall.
12:57 of 1st period - Stopped by Philippe Sauvé with a rebound.
12:59 of 1st period - Wrist shot by Scott Parse.
12:59 of 1st period - Stopped by Philippe Sauvé without a rebound.
13:00 of 1st period - Samuel Pahlsson wins face-off versus Patrick O'Sullivan in Little Stars zone.
13:07 of 1st period - Wrist shot by Ivan Novoseltsev.
13:07 of 1st period - Shot Misses the Net.
13:09 of 1st period - Slapshot by Travis Brigley.
13:09 of 1st period - Stopped by Philippe Sauvé with a rebound.
13:11 of 1st period - Slapshot by Travis Brigley.
13:11 of 1st period - Shot Blocked by Clay Wilson.
13:13 of 1st period - Wrist shot by Ivan Novoseltsev.
13:13 of 1st period - Stopped by Philippe Sauvé without a rebound.
13:14 of 1st period - Krys Kolanos wins face-off versus Clarke Wilm in Little Stars zone.
13:19 of 1st period - Snap shot by Krys Kolanos.
13:19 of 1st period - Shot Misses the Net.
13:21 of 1st period - Snap shot by Tyler Eckford.
13:21 of 1st period - Stopped by Tomas Vokoun without a rebound.
13:22 of 1st period - Krys Kolanos wins face-off versus Adam Hall in Thunder zone.
13:22 of 1st period - Minor Penalty to Clarke Wilm for Interference.
13:23 of 1st period - Samuel Pahlsson wins face-off versus Krys Kolanos in Thunder zone.
14:20 of 1st period - Slapshot by Mike Weber.
14:20 of 1st period - Stopped by Philippe Sauvé with a rebound.
14:30 of 1st period - Hugh Jessiman is hit by Samuel Pahlsson and loses puck.
15:22 of 1st period - Penalty to Clarke Wilm is over, Clarke Wilm is back on ice.
15:33 of 1st period - Snap shot by Yanick Lehoux.
15:33 of 1st period - Stopped by Tomas Vokoun without a rebound.
15:34 of 1st period - Yanick Lehoux wins face-off versus Clarke Wilm in Thunder zone.
15:37 of 1st period - Snap shot by Yanick Lehoux.
15:37 of 1st period - Stopped by Tomas Vokoun with a rebound.
15:43 of 1st period - Slapshot by Clarke Wilm.
15:43 of 1st period - Shot Blocked by Jonathan Blum.
15:45 of 1st period - Snap shot by Scott Parse.
15:45 of 1st period - Shot Misses the Net.
15:47 of 1st period - Wrist shot by Clarke Wilm.
15:47 of 1st period - Shot Blocked by Oskar Osala.
15:49 of 1st period - Wrist shot by Clarke Wilm.
15:49 of 1st period - Stopped by Philippe Sauvé with a rebound.
16:07 of 1st period - Minor Penalty to Oskar Osala for Tripping.
16:08 of 1st period - Samuel Pahlsson wins face-off versus Steve Regier in Little Stars zone.
16:43 of 1st period - Snap shot by Clarke Wilm.
16:43 of 1st period - Shot Misses the Net.
18:07 of 1st period - Penalty to Oskar Osala is over, Oskar Osala is back on ice.
18:23 of 1st period - Troy Bodie is hit by Mike Weber and loses puck.
18:49 of 1st period - Andreas Engqvist is hit by Oskar Osala and loses puck.
18:54 of 1st period - Slapshot by Jordan Hendry.
18:54 of 1st period - Stopped by Tomas Vokoun with a rebound.
19:26 of 1st period - Snap shot by Patrick O'Sullivan.
19:26 of 1st period - Shot Misses the Net.
19:38 of 1st period - Wrist shot by Greg Stewart.
19:38 of 1st period - Goal by Greg Stewart - Little Stars : 3 - Thunder : 2.
19:39 of 1st period - Samuel Pahlsson wins face-off versus Krys Kolanos in neutral zone.
19:41 of 1st period - Off-side.
19:42 of 1st period - Samuel Pahlsson wins face-off versus Krys Kolanos in neutral zone.
19:45 of 1st period - Wrist shot by Travis Brigley.
19:45 of 1st period - Stopped by Philippe Sauvé without a rebound.
19:46 of 1st period - Krys Kolanos wins face-off versus Samuel Pahlsson in Little Stars zone.
19:50 of 1st period - Minor Penalty to Travis Brigley for Hooking.
19:51 of 1st period - Samuel Pahlsson wins face-off versus Hugh Jessiman in Thunder zone.

2nd period


0:01 of 2nd period - Samuel Pahlsson wins face-off versus Krys Kolanos in neutral zone.
0:04 of 2nd period - Wrist shot by Ivan Novoseltsev.
0:04 of 2nd period - Stopped by Philippe Sauvé without a rebound.
0:05 of 2nd period - Krys Kolanos wins face-off versus Samuel Pahlsson in Little Stars zone.
0:34 of 2nd period - Off-side.
0:35 of 2nd period - Steve MacIntyre wins face-off versus Adam Hall in neutral zone.
1:50 of 2nd period - Penalty to Travis Brigley is over, Travis Brigley is back on ice.
1:55 of 2nd period - Samuel Pahlsson is hit by Matt Pelech and loses puck.
2:00 of 2nd period - Snap shot by Nathan Gerbe.
2:00 of 2nd period - Shot Misses the Net.
2:02 of 2nd period - Snap shot by Greg Stewart.
2:02 of 2nd period - Deflect By Nathan Gerbe.
2:02 of 2nd period - Stopped by Tomas Vokoun with a rebound.
2:04 of 2nd period - Snap shot by Greg Stewart.
2:04 of 2nd period - Stopped by Tomas Vokoun with a rebound.
2:06 of 2nd period - Snap shot by Greg Stewart.
2:06 of 2nd period - Deflect By Matt Halischuk.
2:06 of 2nd period - Stopped by Tomas Vokoun without a rebound.
2:07 of 2nd period - Clarke Wilm wins face-off versus Nathan Gerbe in Thunder zone.
2:54 of 2nd period - Andreas Engqvist is hit by Steve MacIntyre and loses puck.
3:15 of 2nd period - Wrist shot by Scott Parse.
3:15 of 2nd period - Shot Misses the Net.
3:37 of 2nd period - Snap shot by Nathan Gerbe.
3:37 of 2nd period - Stopped by Tomas Vokoun without a rebound.
3:38 of 2nd period - Nathan Gerbe wins face-off versus Tom Pyatt in Thunder zone.
3:53 of 2nd period - Slapshot by T.J. Oshie.
3:53 of 2nd period - Deflect By Dany Roussin.
3:53 of 2nd period - Shot Misses the Net.
3:53 of 2nd period - Puck is out of play.
3:54 of 2nd period - Samuel Pahlsson wins face-off versus Krys Kolanos in Little Stars zone.
3:55 of 2nd period - Snap shot by Ivan Novoseltsev.
3:55 of 2nd period - Stopped by Philippe Sauvé with a rebound.
4:19 of 2nd period - Alexei Semenov is hit by Matt Pelech and loses puck.
5:33 of 2nd period - Snap shot by Steve Regier.
5:33 of 2nd period - Shot Blocked by Alexei Semenov.
5:49 of 2nd period - Wrist shot by Scott Parse.
5:49 of 2nd period - Stopped by Philippe Sauvé without a rebound.
5:50 of 2nd period - Clarke Wilm wins face-off versus Patrick O'Sullivan in Little Stars zone.
5:57 of 2nd period - Wrist shot by Clarke Wilm.
5:57 of 2nd period - Goal by Clarke Wilm - Little Stars : 3 - Thunder : 3.
5:58 of 2nd period - Samuel Pahlsson wins face-off versus Krys Kolanos in neutral zone.
6:50 of 2nd period - Yanick Lehoux is hit by T.J. Oshie and loses puck.
6:51 of 2nd period - Yanick Lehoux from Little Stars is injured at 6:51 of 2nd period (Strained Right Elbow).
6:52 of 2nd period - Krys Kolanos wins face-off versus Samuel Pahlsson in Little Stars zone.
6:52 of 2nd period - Krys Kolanos is hit by Alexei Semenov.
7:13 of 2nd period - Minor Penalty to Hugh Jessiman for Holding.
7:14 of 2nd period - Samuel Pahlsson wins face-off versus Steve Regier in Little Stars zone.
8:04 of 2nd period - Icing by Derek Peltier.
8:05 of 2nd period - Steve Regier wins face-off versus Samuel Pahlsson in Thunder zone.
8:30 of 2nd period - Matt Pelech is hit by Mike Weber and loses puck.
9:13 of 2nd period - Penalty to Hugh Jessiman is over, Hugh Jessiman is back on ice.
9:59 of 2nd period - Icing by Mike Weber.
10:00 of 2nd period - Patrick O'Sullivan wins face-off versus Tom Pyatt in Thunder zone.
10:01 of 2nd period - Snap shot by Steve MacIntyre.
10:01 of 2nd period - Deflect By Patrick O'Sullivan.
10:01 of 2nd period - Shot Blocked by T.J. Oshie.
10:01 of 2nd period - Puck is out of play.
10:02 of 2nd period - Patrick O'Sullivan wins face-off versus Travis Brigley in Thunder zone.
10:15 of 2nd period - Snap shot by Ivan Novoseltsev.
10:15 of 2nd period - Shot Misses the Net.
10:33 of 2nd period - Snap shot by Nathan Gerbe.
10:33 of 2nd period - Stopped by Tomas Vokoun with a rebound.
11:16 of 2nd period - Snap shot by Samuel Pahlsson.
11:16 of 2nd period - Stopped by Philippe Sauvé with a rebound.
11:18 of 2nd period - Slapshot by Mike Weber.
11:18 of 2nd period - Stopped by Philippe Sauvé with a rebound.
11:20 of 2nd period - Wrist shot by Travis Brigley.
11:20 of 2nd period - Shot Blocked by Matt Halischuk.
12:19 of 2nd period - Snap shot by Ivan Novoseltsev.
12:19 of 2nd period - Shot Blocked by Jordan Hendry.
12:21 of 2nd period - Snap shot by Travis Brigley.
12:21 of 2nd period - Shot Blocked by Matt Halischuk.
12:23 of 2nd period - Slapshot by Ray Macias.
12:23 of 2nd period - Deflect By Samuel Pahlsson.
12:23 of 2nd period - Stopped by Philippe Sauvé without a rebound.
12:24 of 2nd period - Samuel Pahlsson wins face-off versus Patrick O'Sullivan in Little Stars zone.
12:49 of 2nd period - Travis Brigley is hit by Nathan Gerbe and loses puck.
13:52 of 2nd period - Wrist shot by Steve MacIntyre.
13:52 of 2nd period - Shot Blocked by Doug Janik.
13:54 of 2nd period - Slapshot by Jordan Hendry.
13:54 of 2nd period - Shot Blocked by Alexei Semenov.
13:56 of 2nd period - Wrist shot by Matt D'Agostini.
13:56 of 2nd period - Goal by Matt D'Agostini - Little Stars : 4 - Thunder : 3.
13:57 of 2nd period - Adam Hall wins face-off versus Krys Kolanos in neutral zone.
14:38 of 2nd period - Icing by Steve MacIntyre.
14:39 of 2nd period - Clarke Wilm wins face-off versus Patrick O'Sullivan in Little Stars zone.
14:46 of 2nd period - Adam Hall is hit by Matt D'Agostini and loses puck.
15:52 of 2nd period - Snap shot by Clarke Wilm.
15:52 of 2nd period - Stopped by Philippe Sauvé without a rebound.
15:53 of 2nd period - Clarke Wilm wins face-off versus Krys Kolanos in Little Stars zone.
15:56 of 2nd period - Slapshot by Doug Janik.
15:56 of 2nd period - Deflect By Adam Hall.
15:56 of 2nd period - Stopped by Philippe Sauvé with a rebound.
15:58 of 2nd period - Slapshot by Alexei Semenov.
15:58 of 2nd period - Deflect By Adam Hall.
15:58 of 2nd period - Shot Misses the Net.
15:58 of 2nd period - Puck is out of play.
15:59 of 2nd period - Krys Kolanos wins face-off versus Samuel Pahlsson in Little Stars zone.
16:04 of 2nd period - Snap shot by Krys Kolanos.
16:04 of 2nd period - Stopped by Tomas Vokoun with a rebound.
16:10 of 2nd period - Wrist shot by Krys Kolanos.
16:10 of 2nd period - Shot Misses the Net.
16:12 of 2nd period - Snap shot by Hugh Jessiman.
16:12 of 2nd period - Shot Blocked by Ivan Novoseltsev.
17:11 of 2nd period - Derek Peltier is hit by Clay Wilson and loses puck.
17:57 of 2nd period - Derek Peltier is hit by Greg Stewart and loses puck.
18:10 of 2nd period - Snap shot by Clarke Wilm.
18:10 of 2nd period - Shot Blocked by Matt D'Agostini.
18:12 of 2nd period - Snap shot by Scott Parse.
18:12 of 2nd period - Shot Misses the Net.
18:14 of 2nd period - Snap shot by Clarke Wilm.
18:14 of 2nd period - Stopped by Philippe Sauvé with a rebound.
18:16 of 2nd period - Wrist shot by Clarke Wilm.
18:16 of 2nd period - Shot Misses the Net.
18:18 of 2nd period - Wrist shot by Adam Hall.
18:18 of 2nd period - Shot Blocked by Patrick O'Sullivan.
19:25 of 2nd period - Wrist shot by T.J. Oshie.
19:25 of 2nd period - Stopped by Philippe Sauvé with a rebound.

3rd period


0:01 of 3rd period - Samuel Pahlsson wins face-off versus Krys Kolanos in neutral zone.
0:45 of 3rd period - Snap shot by Nathan Gerbe.
0:45 of 3rd period - Shot Blocked by T.J. Oshie.
0:55 of 3rd period - Minor Penalty to Derek Peltier for Tripping.
0:55 of 3rd period - Minor Penalty to Matt Halischuk for Cross-checking.
0:56 of 3rd period - Samuel Pahlsson wins face-off versus Steve Regier in neutral zone.
0:59 of 3rd period - Wrist shot by Ivan Novoseltsev.
0:59 of 3rd period - Goal by Ivan Novoseltsev - Little Stars : 4 - Thunder : 4.
1:00 of 3rd period - Steve Regier wins face-off versus Samuel Pahlsson in neutral zone.
1:05 of 3rd period - Wrist shot by Steve MacIntyre.
1:05 of 3rd period - Stopped by Tomas Vokoun with a rebound.
1:07 of 3rd period - Slapshot by Jordan Hendry.
1:07 of 3rd period - Deflect By Steve MacIntyre.
1:07 of 3rd period - Stopped by Tomas Vokoun without a rebound.
1:08 of 3rd period - Steve Regier wins face-off versus Samuel Pahlsson in Thunder zone.
1:57 of 3rd period - Snap shot by Greg Stewart.
1:57 of 3rd period - Shot Misses the Net.
2:15 of 3rd period - Wrist shot by Clay Wilson.
2:15 of 3rd period - Goal by Clay Wilson - Little Stars : 5 - Thunder : 4.
2:16 of 3rd period - Steve Regier wins face-off versus Samuel Pahlsson in neutral zone.
2:53 of 3rd period - Wrist shot by Greg Stewart.
2:53 of 3rd period - Stopped by Tomas Vokoun without a rebound.
2:54 of 3rd period - Adam Hall wins face-off versus Greg Stewart in Thunder zone.
2:55 of 3rd period - Penalty to Derek Peltier is over, Derek Peltier is back on ice.
2:55 of 3rd period - Penalty to Matt Halischuk is over, Matt Halischuk is back on ice.
3:00 of 3rd period - Icing by Krys Kolanos.
3:01 of 3rd period - Samuel Pahlsson wins face-off versus Greg Stewart in Little Stars zone.
3:18 of 3rd period - Snap shot by Greg Stewart.
3:18 of 3rd period - Shot Misses the Net.
3:20 of 3rd period - Slapshot by Matt Pelech.
3:20 of 3rd period - Stopped by Tomas Vokoun with a rebound.
3:22 of 3rd period - Snap shot by Matt Halischuk.
3:22 of 3rd period - Shot Misses the Net.
3:24 of 3rd period - Slapshot by Tyler Eckford.
3:24 of 3rd period - Stopped by Tomas Vokoun without a rebound.
3:25 of 3rd period - Clarke Wilm wins face-off versus Patrick O'Sullivan in Thunder zone.
3:34 of 3rd period - Snap shot by Clarke Wilm.
3:34 of 3rd period - Shot Blocked by Matt D'Agostini.
3:41 of 3rd period - Off-side.
3:42 of 3rd period - Samuel Pahlsson wins face-off versus Hugh Jessiman in neutral zone.
3:55 of 3rd period - Alexei Semenov is hit by Krys Kolanos and loses puck.
4:08 of 3rd period - Steve MacIntyre is hit by Adam Hall and loses puck.
4:41 of 3rd period - Minor Penalty to Dany Roussin for Tripping.
4:42 of 3rd period - Samuel Pahlsson wins face-off versus Steve Regier in Thunder zone.
5:19 of 3rd period - Alexei Semenov is hit by Matt D'Agostini and loses puck.
6:19 of 3rd period - Steve MacIntyre is hit by Scott Parse and loses puck.
6:26 of 3rd period - Steve MacIntyre is hit by Daniel Winnik and loses puck.
6:41 of 3rd period - Penalty to Dany Roussin is over, Dany Roussin is back on ice.
8:21 of 3rd period - Snap shot by Andreas Engqvist.
8:21 of 3rd period - Shot Misses the Net.
8:23 of 3rd period - Slapshot by Andreas Engqvist.
8:23 of 3rd period - Stopped by Philippe Sauvé without a rebound.
8:24 of 3rd period - Andreas Engqvist wins face-off versus Nathan Gerbe in Little Stars zone.
8:41 of 3rd period - Snap shot by Scott Parse.
8:41 of 3rd period - Goal by Scott Parse - Little Stars : 5 - Thunder : 5.
8:42 of 3rd period - Krys Kolanos wins face-off versus Samuel Pahlsson in neutral zone.
8:47 of 3rd period - Wrist shot by Krys Kolanos.
8:47 of 3rd period - Shot Misses the Net.
8:57 of 3rd period - Slapshot by Doug Janik.
8:57 of 3rd period - Shot Blocked by Clay Wilson.
9:07 of 3rd period - Matt D'Agostini is hit by Clarke Wilm and loses puck.
9:12 of 3rd period - Wrist shot by Adam Hall.
9:12 of 3rd period - Stopped by Philippe Sauvé with a rebound.
9:16 of 3rd period - Wrist shot by Adam Hall.
9:16 of 3rd period - Deflect By Scott Parse.
9:16 of 3rd period - Shot Blocked by Jordan Hendry.
9:16 of 3rd period - Puck is out of play.
9:17 of 3rd period - Krys Kolanos wins face-off versus Ivan Novoseltsev in Little Stars zone.
9:28 of 3rd period - Off-side.
9:29 of 3rd period - Samuel Pahlsson wins face-off versus Krys Kolanos in neutral zone.
9:32 of 3rd period - Clay Wilson is hit by Ivan Novoseltsev and loses puck.
9:59 of 3rd period - Minor Penalty to Matt D'Agostini for Holding.
10:00 of 3rd period - Steve Regier wins face-off versus Samuel Pahlsson in Little Stars zone.
10:05 of 3rd period - Slapshot by Jordan Hendry.
10:05 of 3rd period - Shot Blocked by Doug Janik.
10:11 of 3rd period - Snap shot by Alexei Semenov.
10:11 of 3rd period - Stopped by Philippe Sauvé with a rebound.
10:13 of 3rd period - Snap shot by Ivan Novoseltsev.
10:13 of 3rd period - Stopped by Philippe Sauvé with a rebound.
10:25 of 3rd period - Steve Regier is hit by Scott Parse and loses puck.
11:59 of 3rd period - Penalty to Matt D'Agostini is over, Matt D'Agostini is back on ice.
12:08 of 3rd period - Greg Stewart is hit by T.J. Oshie and loses puck.
12:13 of 3rd period - Snap shot by T.J. Oshie.
12:13 of 3rd period - Deflect By Dany Roussin.
12:13 of 3rd period - Stopped by Philippe Sauvé without a rebound.
12:14 of 3rd period - Andreas Engqvist wins face-off versus Nathan Gerbe in Little Stars zone.
12:23 of 3rd period - Snap shot by Pierre-Alexandre Parenteau.
12:23 of 3rd period - Stopped by Philippe Sauvé with a rebound.
12:27 of 3rd period - Wrist shot by Pierre-Alexandre Parenteau.
12:27 of 3rd period - Shot Blocked by Jonathan Blum.
12:29 of 3rd period - Snap shot by Daniel Winnik.
12:29 of 3rd period - Deflect By Andreas Engqvist.
12:29 of 3rd period - Stopped by Philippe Sauvé with a rebound.
12:41 of 3rd period - Tom Pyatt is hit by Hugh Jessiman.
13:46 of 3rd period - Snap shot by Alexei Semenov.
13:46 of 3rd period - Shot Misses the Net.
14:06 of 3rd period - Derek Peltier is hit by Steve Regier and loses puck.
14:16 of 3rd period - Off-side.
14:17 of 3rd period - Matt Halischuk wins face-off versus Samuel Pahlsson in neutral zone.
14:22 of 3rd period - Slapshot by Jordan Hendry.
14:22 of 3rd period - Shot Blocked by Joey Ryan.
14:24 of 3rd period - Slapshot by Matt Halischuk.
14:24 of 3rd period - Shot Misses the Net.
14:26 of 3rd period - Snap shot by Troy Bodie.
14:26 of 3rd period - Shot Misses the Net.
14:28 of 3rd period - Snap shot by Troy Bodie.
14:28 of 3rd period - Goal by Troy Bodie - Little Stars : 6 - Thunder : 5.
14:29 of 3rd period - Krys Kolanos wins face-off versus Samuel Pahlsson in neutral zone.
14:33 of 3rd period - Off-side.
14:34 of 3rd period - Krys Kolanos wins face-off versus Samuel Pahlsson in neutral zone.
15:01 of 3rd period - Slapshot by Scott Parse.
15:01 of 3rd period - Shot Blocked by Clay Wilson.
15:09 of 3rd period - Snap shot by Patrick O'Sullivan.
15:09 of 3rd period - Stopped by Tomas Vokoun with a rebound.
15:21 of 3rd period - Snap shot by Greg Stewart.
15:21 of 3rd period - Stopped by Tomas Vokoun without a rebound.
15:22 of 3rd period - T.J. Oshie wins face-off versus Nathan Gerbe in Thunder zone.
15:22 of 3rd period - T.J. Oshie is hit by Matt Pelech.
15:28 of 3rd period - Slapshot by Mike Weber.
15:28 of 3rd period - Stopped by Philippe Sauvé without a rebound.
15:29 of 3rd period - Nathan Gerbe wins face-off versus Tom Pyatt in Little Stars zone.
15:56 of 3rd period - Minor Penalty to Krys Kolanos for Diving.
15:57 of 3rd period - Steve Regier wins face-off versus Samuel Pahlsson in Little Stars zone.
16:06 of 3rd period - Clay Wilson is hit by Ivan Novoseltsev and loses puck.
16:27 of 3rd period - Backhand shot by Clarke Wilm.
16:27 of 3rd period - Deflect By Steve MacIntyre.
16:27 of 3rd period - Stopped by Philippe Sauvé without a rebound.
16:28 of 3rd period - Steve MacIntyre wins face-off versus Scott Parse in Little Stars zone.
17:56 of 3rd period - Penalty to Krys Kolanos is over, Krys Kolanos is back on ice.
18:13 of 3rd period - Clay Wilson is hit by Doug Janik and loses puck.
18:36 of 3rd period - Snap shot by Daniel Winnik.
18:36 of 3rd period - Shot Misses the Net.
19:03 of 3rd period - Steve Regier is hit by Mike Weber.
19:04 of 3rd period - Icing by Steve Regier.
19:05 of 3rd period - Krys Kolanos wins face-off versus Samuel Pahlsson in Little Stars zone.
19:20 of 3rd period - Thunder, Tomas Vokoun is pulled from the net.
19:24 of 3rd period - Snap shot by Ivan Novoseltsev.
19:24 of 3rd period - Stopped by Philippe Sauvé without a rebound.
19:25 of 3rd period - Denis Savard call a timeout for Thunder.
19:25 of 3rd period - Krys Kolanos wins face-off versus Samuel Pahlsson in Little Stars zone.
19:32 of 3rd period - Snap shot by Krys Kolanos.
19:32 of 3rd period - Shot Blocked by Doug Janik.
19:38 of 3rd period - Snap shot by Hugh Jessiman.
19:38 of 3rd period - Shot Misses the Net.
19:48 of 3rd period - Slapshot by Steve Regier.
19:48 of 3rd period - Goal by Steve Regier - Little Stars : 7 - Thunder : 5.
19:48 of 3rd period - Tomas Vokoun from Thunder was sent back in the game.
19:49 of 3rd period - Nathan Gerbe wins face-off versus Tom Pyatt in neutral zone.
19:52 of 3rd period - Snap shot by Greg Stewart.
19:52 of 3rd period - Shot Misses the Net.
19:56 of 3rd period - Wrist shot by Nathan Gerbe.
19:56 of 3rd period - Stopped by Tomas Vokoun without a rebound.
19:57 of 3rd period - Nathan Gerbe wins face-off versus Tom Pyatt in Thunder zone.


Output by the SimonT Hockey Simulator (STHS) for François Prévost -- Original Page W3C XHTML 1.0 Valid
Hockey Simulator - Hockey Simulation - Hockey Manager